 Dungeon Crawl Stone Soup version 0.22.1-2-g9c5b331383 (webtiles) character file.

298 Elric the Insei (level 6, 0/49 HPs)
             Began as a Vine Stalker Monk on Nov 19, 2018.
             Succumbed to a scorpion's poison
             ... on level 4 of the Dungeon.
             The game lasted 00:04:37 (2550 turns).

Elric the Insei (Vine Stalker Monk)                 Turns: 2550, Time: 00:04:37

Health: 0/49       AC:  2    Str: 20    XL:     6   Next: 36%
Magic:  2/7        EV: 14    Int: 10    God:
Gold:   98         SH:  0    Dex: 17    Spells: 5/5 levels left

rFire    . . .     SeeInvis .     - Unarmed
rCold    . . .     Gourm    .   (no shield)
rNeg     . . .     Faith    .   a - +0 robe
rPois    .         Spirit   +   (no helmet)
rElec    .         Reflect  .   (no cloak)
rCorr    .         Harm     .   (no gloves)
MR       .....                  (no boots)
Stlth    ..........             (no amulet)
HPRegen  0.56/turn              (no ring)
MPRegen  0.10/turn              (no ring)

@: berserking, lethally poisoned (0 -> -3), hasted, drained, very quick
A: fangs 2, regeneration 1, magic shield, antimagic bite, no potion heal 3, rot
immunity
a: no special abilities


You were on level 4 of the Dungeon.
You were hungry.

You visited 1 branch of the dungeon, and saw 4 of its levels.

You collected 98 gold pieces.

Inventory:

Armour
 a - a +0 robe (worn)
Jewellery
 j - a cursed ring of teleportation {unknown}
 n - a +2 ring of intelligence {unknown}
Scrolls
 e - 3 scrolls of remove curse {unknown}
 f - a scroll of fog {unknown}
 g - 4 scrolls of identify {unknown}
 h - 2 scrolls of amnesia {unknown}
 k - a scroll of immolation {unknown}
 l - a scroll of teleportation {unknown}
 p - a scroll of magic mapping {unknown}
Potions
 c - a potion of berserk rage
 d - a potion of haste
 i - a potion of brilliance {unknown}
 m - 2 potions of agility {unknown}
 o - 2 potions of curing {unknown}
 q - a potion of mutation {unknown}
Comestibles
 b - 6 rations


   Skills:
 + Level 3.9(3.6) Fighting
 + Level 2.2(2.0) Armour
 + Level 3.5(3.3) Dodging
 - Level 2.4(2.1) Stealth
 + Level 4.3(4.0) Unarmed Combat


You had 5 spell levels left.
You didn't know any spells.
Your spell library was empty.

Dungeon Overview and Level Annotations

Branches:
Dungeon (4/15)
 Temple: D:4-7

Altars:
Cheibriados
Dithmenos
Makhleb
Xom


Innate Abilities, Weirdness & Mutations

You have extremely sharp teeth.
Your natural rate of healing is unusually fast.
When hurt, damage is shared between your health and your magic reserves.
Your bite disrupts and absorbs the magic of your enemies.
Potions cannot restore your health.
You are immune to rotting.


Message History

You feel sick.
Unknown command.
* * * LOW HITPOINT WARNING * * *
You feel sick.
It was a potion of haste.
You feel yourself speed up.
* * * LOW HITPOINT WARNING * * *
You feel sick. The scorpion barely misses you.
You closely miss the scorpion. Your bite misses the scorpion.
The scorpion is severely wounded.
* * * LOW HITPOINT WARNING * * *
You feel sick. The scorpion barely misses you.
You hit the scorpion but do no damage.
You bite the scorpion, but do no damage.
The scorpion is severely wounded.
* * * LOW HITPOINT WARNING * * *
You feel sick.
It was a potion of berserk rage.
A red film seems to cover your vision as you go berserk!
You feel yourself moving faster!
You feel mighty!
You die...

#..........#
#..........#
#.<........#
#..........#
#..........#
#..........#
#..........#
#.##.#######
#@##.#
...####s##.#
........$..#
.#......####
.......:#
##....?.#
#......#
........#
..!
##.......


You could see a scorpion.

Vanquished Creatures
  2 crimson imps (D:3)
  Natasha (thrice) (D:3)
  A gnoll (D:1)
  6 adders
  2 oozes
  3 dart slugs
  5 leopard geckos
  3 giant cockroaches (D:1)
  11 goblins
  11 hobgoblins
  9 kobolds
  A quokka (D:3)
  2 ball pythons (D:1)
  7 bats
  3 frilled lizards
  9 rats
78 creatures vanquished.

Notes
Turn   | Place    | Note
-------+----------+-------------------------------------------
     0 | D:1      | Elric the Vine Stalker Monk began the quest for the Orb.
     0 | D:1      | Reached XP level 1. HP: 11/11 MP: 2/2
   108 | D:1      | Reached XP level 2. HP: 14/16 MP: 3/3
   390 | D:1      | Reached XP level 3. HP: 17/20 MP: 4/4
   670 | D:1      | Reached skill level 1 in Armour
  1223 | D:2      | Gained mutation: Your natural rate of healing is unusually
                  | fast. [Vine Stalker growth]
  1223 | D:2      | Reached XP level 4. HP: 22/24 MP: 5/5
  1765 | D:3      | Found a shadowy altar of Dithmenos.
  1794 | D:2      | Reached XP level 5. HP: 8/28 MP: 3/6
  1906 | D:3      | Found a faded altar of an unknown god.
  2073 | D:3      | Reached skill level 4 in Unarmed Combat
  2104 | D:3      | Found a snail-covered altar of Cheibriados.
  2104 | D:3      | Noticed Natasha
  2116 | D:3      | Killed Natasha
  2260 | D:3      | Noticed Natasha
  2271 | D:3      | Killed Natasha
  2271 | D:3      | Reached XP level 6. HP: 27/33 MP: 5/7
  2279 | D:3      | Noticed Natasha
  2293 | D:3      | Killed Natasha
  2440 | D:3      | Found a shimmering altar of Xom.
  2441 | D:3      | Found a burning altar of Makhleb.
  2549 | D:4      | HP: 1/33 [poisoned by a scorpion]
  2550 | D:4      | Succumbed to a scorpion's poison

Skill      XL: |  1  2  3  4  5 |
---------------+----------------+-----
Fighting       | 3 |  3.9
Armour         | 1 2 |  2.2
Dodging        | 3 |  3.5
Unarmed Combat | 4 |  4.3
Stealth        | |  2.4

Action                   |  1- 3 |  4- 6 || total
-------------------------+-------+-------++-------
Melee: Unarmed           |   117 |   223 ||   340
       Bite              |    30 |    75 ||   105
       Punch             |     2 |     4 ||     6
  Use: Potion            |       |     2 ||     2
 Stab: Sleeping          |     3 |     5 ||     8
  Eat: Chunk             |     1 |     4 ||     5
Armor: Robe              |    15 |    15 ||    30
Dodge: Dodged            |    73 |   153 ||   226
